[Event "CZE Extraliga 2019-20"]
[Site "Czech Republic"]
[Date "2020.01.26"]
[Round "6.8"]
[White "LAB11 Talla Vladimir GM"]
[Black "UNI8 Vavra Pavel IM"]
[Result "1/2-1/2"]
[ECO "D45"]
[WhiteElo "2398"]
[BlackElo "2342"]
[Annotator "ChessBase"]
[PlyCount "44"]
[EventDate "2019.09.15"]
[EventType "team-tourn"]
[EventCountry "CZE"]
[SourceTitle "playchess.com"]
[Source "ChessBase"]
[SourceQuality "1"]
[TimeControl "40/5400+30:1800+30"]

1. d4 d5 2. c4 c6 3. Nf3 e6 4. e3 Nf6 5. Nc3 Nbd7 6. Qc2 Bd6 7. b3 O-O 8. Bb2 b6 9. Be2 Bb7 10. O-O c5 11. cxd5 exd5 12. Rfd1 Rc8 13. Rac1 a6 14. Qf5 Qe7 15. a4 Qe6 16. Bd3 g6 17. Qg5 Be7 18. Qh4 Nh5 19. Ng5 Qf6 20. Qh3 Qxg5 21. Qxd7 Bc6 22. Qh3 cxd4 1/2-1/2

[Event "CZE Extraliga 2019-20"]
[Site "Czech Republic"]
[Date "2020.01.26"]
[Round "6.8"]
[White "Talla, Vladimir"]
[Black "Vavra, Pavel"]
[Result "1/2-1/2"]
[ECO "D45"]
[WhiteElo "2398"]
[BlackElo "2342"]
[Annotator "NA"]
[PlyCount "44"]
[EventDate "2019.09.15"]
[EventType "team-tourn"]
[EventCountry "CZE"]
[SourceTitle "playchess.com"]
[Source "ChessBase"]
[SourceQuality "1"]
[TimeControl "40/5400+30:1800+30"]

1. d4 d5 2. c4 c6 3. Nf3 e6 4. e3 Nf6 5. Nc3 Nbd7 6. Qc2 Bd6 7. b3 O-O 8. Bb2 b6 9. Be2 Bb7 10. O-O c5 11. cxd5 {[%emt 0:17:46] D45: Semi-Slav: 5 e3} exd5 12. Rfd1 Rc8 13. Rac1 a6 14. Qf5 Qe7 15. a4 $146 ({Predecessor:} 15. dxc5 bxc5 16. Nxd5 Bxd5 17. Rxd5 Nxd5 18. Qxd5 Rcd8 19. Qf5 a5 20. h4 g6 21. Qc2 Ne5 22. Bxe5 Bxe5 23. Qxc5 {1-0 (70) Nesterov,A (2378)-Sorokin,A (2522) St Petersburg 2018}) 15... Qe6 16. Bd3 g6 17. Qg5 Be7 18. Qh4 Nh5 19. Ng5 Qf6 {[%emt 0:00:27] [#]} 20. Qh3 $11 ({White should play} 20. Bxa6 $1 $16 Bxa6 21. Nxd5) 20... Qxg5 21. Qxd7 Bc6 22. Qh3 cxd4 1/2-1/2

[Event "CZE Extraliga 2019-20"]
[Site "Czech Republic"]
[Date "2020.01.26"]
[Round "6.8"]
[White "SLA12 Vymazal Bronislav"]
[Black "TUR11 Studnicka Tomas IM"]
[Result "0-1"]
[ECO "B27"]
[WhiteElo "2347"]
[BlackElo "2341"]
[Annotator "NA"]
[PlyCount "74"]
[EventDate "2019.09.15"]
[EventType "team-tourn"]
[EventCountry "CZE"]
[SourceTitle "playchess.com"]
[Source "ChessBase"]
[SourceQuality "1"]
[TimeControl "40/5400+30:1800+30"]

1. e4 c5 2. Nf3 g6 3. c3 Nf6 4. e5 Nd5 5. d4 cxd4 6. Bc4 Nb6 7. Bb3 Bg7 8. cxd4 d5 9. Be3 Nc6 10. h3 O-O 11. O-O f6 12. exf6 exf6 13. Qd2 Be6 $11 14. Rd1 a5 15. Na3 Qd7 16. Bh6 Rfd8 17. Bxg7 Kxg7 18. Rac1 a4 19. Bc2 Bf7 20. Bd3 Qd6 21. Nb5 Qb4 22. Qxb4 Nxb4 23. Rc7 Nc4 24. Bxc4 dxc4 25. Nc3 b6 26. Re1 Kf8 27. Ree7 Bg8 28. a3 Nd5 29. Nxd5 Rxd5 30. Nd2 Rxd4 31. Ne4 Rd1+ 32. Kh2 Re1 33. f3 f5 34. Kg3 fxe4 35. Kf2 Rb1 36. Rxe4 Rxb2+ 37. Kg3 Rb5 0-1

[Event "CZE Extraliga 2019-20"]
[Site "Czech Republic"]
[Date "2020.01.26"]
[Round "6.8"]
[White "Barak, David"]
[Black "Ludvik, Tomas"]
[Result "1-0"]
[ECO "D45"]
[WhiteElo "2070"]
[BlackElo "2305"]
[Annotator "NA"]
[PlyCount "111"]
[EventDate "2019.09.15"]
[EventType "team-tourn"]
[EventCountry "CZE"]
[SourceTitle "playchess.com"]
[Source "ChessBase"]
[SourceQuality "1"]
[TimeControl "40/5400+30:1800+30"]

1. d4 d5 2. c4 c6 3. Nc3 e6 4. Nf3 Nf6 5. e3 Nbd7 6. Qc2 Bd6 7. Bd3 O-O 8. O-O dxc4 9. Bxc4 b5 10. Bd3 Bb7 11. h3 b4 12. Ne4 Nxe4 13. Bxe4 Nf6 14. Nd2 Qe7 15. Bf3 Ba6 $14 16. Rd1 Rac8 17. Nb3 e5 18. e4 Rfd8 19. Be3 Bb5 20. dxe5 Qxe5 21. g3 Qe6 22. Kg2 Ba4 23. Rac1 Be5 24. Rxd8+ Rxd8 25. Bxa7 Ra8 26. Be3 Bb5 27. Nd4 Bxd4 28. Bxd4 Qxa2 29. Qc5 Qb3 30. Qg5 h6 31. Qf4 Qe6 32. Bxf6 Qxf6 33. e5 Qxf4 34. gxf4 Ra2 35. b3 Rb2 36. Bxc6 Bxc6+ 37. Rxc6 Rxb3 38. Rc8+ Kh7 39. f5 Rc3 40. Rb8 g6 41. f6 Rc6 42. Rb7 Kg8 43. Rxb4 g5 44. h4 Re6 45. Rb5 h5 46. Kf3 Kh7 47. Ke4 Kg6 48. Rb8 gxh4 49. Rg8+ Kh7 50. Rg7+ Kh6 51. Rxf7 Ra6 52. Rg7 h3 53. Rg3 Ra4+ 54. Kf5 Rg4 55. Rxh3 Rg5+ 56. Ke6 1-0